 Dungeon Crawl Stone Soup version 0.28.0-45-g0d030f2227 (webtiles) character file.

Game seed: 2603783099864591976

17525 nickcage the Scorcher (level 12, -10/59 HPs)
             Began as a Deep Elf Fire Elementalist on Apr 4, 2022.
             Was an Elder of Vehumet.
             Mangled by a large slime creature (24 damage)
             ... on level 13 of the Dungeon.
             The game lasted 00:54:45 (14835 turns).

nickcage the Scorcher (Deep Elf Fire Elementalist) Turns: 14835, Time: 00:54:45

Health: -10/59     AC: 12    Str:  7    XL:     12   Next: 19%
Magic:  23/38      EV: 16    Int: 26    God:    Vehumet [****..]
Gold:   620        SH:  6    Dex: 15    Spells: 13/33 levels left

rFire   + . .      SeeInvis .   L - staff of fire
rCold   + . .      Faith    .   N - +0 buckler
rNeg    + . .      Spirit   .   E - +2 robe {rC+}
rPois   .          Reflect  .   J - +0 helmet "Ezuiddid" {Str+2 Stlth+}
rElec   .          Harm     .   U - +1 cloak {Stlth+}
rCorr   .          Rampage  .   p - +2 pair of gloves of Sif Muna's Castigation {rN+}
Will    +....                   r - +1 pair of boots
Stlth   ++++......              h - amulet of regeneration
HPRegen 0.99/turn               w - ring of magical power
MPRegen 0.26/turn               v - +4 ring of evasion

@: no status effects
A: no striking features
a: Renounce Religion


You were on level 13 of the Dungeon.
You worshipped Vehumet.
Vehumet was greatly pleased with you.
You visited 2 branches of the dungeon, and saw 14 of its levels.
You also visited: Ossuary and Bailey.

You collected 857 gold pieces.
You spent 237 gold pieces at shops.

Inventory:

Hand Weapons
 a - a +6 short sword
 q - a +7 great sword of freezing
 s - a +1 short sword of protection
 F - a +3 glaive of venom
 O - the +3 morningstar of Gozag's Pride {venom, Fragile Str+3 Dex+8}
   (You found it on level 9 of the Dungeon)

   It poisons the flesh of those it strikes.
   Str:       It affects your strength (+3).
   Dex:       It affects your dexterity (+8).
   Fragile:   It will be destroyed if unequipped.
 R - a +0 quick blade
Missiles
 I - a throwing net
Armour
 j - a +0 robe of the Archmagi
 p - the +2 pair of gloves of Sif Muna's Castigation (worn) {rN+}
   (You found it on level 6 of the Dungeon)

   rN:        It protects you from negative energy.
 r - a +1 pair of boots (worn)
 E - a +2 robe of cold resistance (worn)
 J - the +0 helmet "Ezuiddid" (worn) {Str+2 Stlth+}
   (You bought it in a shop on level 7 of the Dungeon)

   Str:       It affects your strength (+2).
   Stlth:     It makes you more stealthy.
 N - a +0 buckler (worn)
 P - a +0 helmet
 U - a +1 cloak of stealth (worn)
Magical Staves
 f - a staff of death
 B - a staff of conjuration
 L - a staff of fire (weapon)
Jewellery
 h - an amulet of regeneration (around neck)
 o - a +6 ring of dexterity
 v - a +4 ring of evasion (right hand)
 w - a ring of magical power (left hand)
 V - an amulet of guardian spirit
Wands
 l - a wand of flame (35)
 M - a wand of paralysis (13)
 X - a wand of polymorph (9)
 Z - a wand of mindburst (4)
Scrolls
 d - a scroll of enchant armour
 i - 6 scrolls of teleportation
 k - 2 scrolls of summoning
 u - a scroll of amnesia
 y - a scroll of blinking
 A - a scroll of fear
 C - 4 scrolls of enchant weapon
 S - a scroll of fog {unknown}
 T - 2 scrolls of holy word {unknown}
 W - 3 scrolls of identify
 Y - a scroll of brand weapon {unknown}
Potions
 b - 3 potions of might
 c - a potion of cancellation
 e - 3 potions of resistance
 g - 10 potions of curing
 m - 4 potions of attraction
 n - a potion of flight
 t - 5 potions of heal wounds
 x - a potion of mutation
 z - 2 potions of haste
 D - 2 potions of berserk rage
 G - a potion of brilliance
 H - 2 potions of lignification
 K - a potion of invisibility
 Q - a potion of experience


   Skills:
 - Level 1.0 Long Blades
 - Level 2.4 Dodging
 - Level 2.4 Stealth
 - Level 8.1 Shields
 - Level 11.4 Spellcasting
 * Level 6.6 Conjurations
 + Level 4.2 Hexes
 + Level 15.1 Fire Magic
 - Level 1.0 Air Magic
 - Level 2.2 Poison Magic


You had 13 spell levels left.
You knew the following spells:

 Your Spells              Type           Power      Damage    Failure   Level
a - Ignite Poison         Fire/Tmut/Pois 61%        N/A       1%          3
b - Scorch                Fire           100%       2d10      0%          2
c - Flame Wave            Conj/Fire      82%        2d14      1%          4
d - Slow                  Hex            100%       N/A       1%          1
e - Mephitic Cloud        Conj/Pois/Air  32%        N/A       1%          3
f - Poisonous Vapours     Pois/Air       46%        N/A       1%          2
g - Fireball              Conj/Fire      41%        3d17      1%          5

Your spell library contained the following spells:

 Spells                   Type           Power      Damage    Failure   Level
 Foxfire                  Conj/Fire      100%       2x1d9     1%          1
 Magic Dart               Conj           100%       1d8       1%          1
 Conjure Flame            Conj/Fire      82%        6-21      1%          3
 Inner Flame              Hex/Fire       78%        N/A       1%          3
 Confusing Touch          Hex            37%        N/A       2%          3
 Corpse Rot               Necr/Air       34%        N/A       6%          2
 Portal Projectile        Hex/Tloc       52%        N/A       6%          3
 Call Imp                 Summ           14%        N/A       8%          2
 Vampiric Draining        Necr           14%        2d7       14%         3
 Dispel Undead            Necr           14%        3d10      43%         4
 Blade Hands              Tmut           7%         N/A       80%         5
 Excruciating Wounds      Necr           7%         N/A       80%         5
 Death Channel            Necr           7%         N/A       100%        6


Dungeon Overview and Level Annotations

Branches:
Dungeon (13/15)            Temple (1/1) D:4            Lair (0/6) D:10
    Orc (0/2) D:9         Ossuary (visited)          Bailey (visited)
 Vaults: D:13-14

Altars:
Ashenzari
Cheibriados
Dithmenos
Elyvilon
Fedhas
Gozag
Hepliaklqana
Kikubaaqudgha
Makhleb
Nemelex Xobeh
Okawaru
Qazlal
Ru
Sif Muna
Trog
Uskayaw
Vehumet
Wu Jian
Xom
Yredelemnul
Zin
The Shining One

Shops:
D:7 [   D:9 (

Annotations:
D:3 2 transporters, 0gre's ghost, amateur GnIE
D:5 2 transporters, zeratav's ghost, novice MiBe
D:10 2 runed translucent doors, nickcage's ghost, novice GrIE


Message History

You kill the slime creature!
Vehumet accepts your kill.
The fireball engulfs the large slime creature!!
The large slime creature is moderately wounded.
The fireball engulfs the slime creature!!
The slime creature is moderately wounded.
You feel a surge of power!
Flames lash the large slime creature.
The large slime creature is heavily wounded.
The large slime creature's fire resistance burns away.
You block the slime creature's attack.
Two slime creatures merge to form a very large slime creature.
Two slime creatures merge to form an enormous slime creature.
You feel a surge of power!
Flames lash the enormous slime creature.
The enormous slime creature is burned terribly!
The enormous slime creature is heavily wounded.
There is an open door here.
There is a stone staircase leading up here.
Casting: Scorch (safe; 0% risk of failure)
Confirm with . or Enter, or press ? or * to list all spells.
Casting: Flame Wave (safe; 1% risk of failure)
Press: ? - help, Dir - look around, f - activate You feel a surge of power!
A wave of flame ripples out!
The flame wave engulfs the enormous slime creature!!
The enormous slime creature is burned terribly!
The enormous slime creature is heavily wounded. (Press . to intensify the flame waves.)
The enormous slime creature is no longer more vulnerable to fire.
The enormous slime creature hits you!!!
Ouch! That really hurt!
* * * LOW HITPOINT WARNING * * *
Casting: Flame Wave (safe; 1% risk of failure)
Confirm with . or Enter, or press ? or * to list all spells.
Aiming: Slow (safe; 1% risk of failure)
Press: ? - help, Shift-Dir - straight line, f - enormous slime creature
Aim: an enormous slime creature (heavily wounded, chance to affect: 47%)
The enormous slime creature resists with some effort.
An enormous slime creature splits.
A large slime creature splits.
The large slime creature hits you!!
You die...

#..# ##.#
#.# #.#
####'######
#.........#.
#...........
#...JJ......
#...@J....#.
#.........#
####'######
#.# #.# #.#
#.# #.# #.#


You could see a large slime creature and 2 slime creatures.

Vanquished Creatures
  An ogre mage (D:12)
  A hydra (D:12)
  2 boulder beetles (D:11)
  4 two-headed ogres (D:12)
  3 death yaks
  An ugly thing (D:12)
  Joseph (D:10)
  A gargoyle (D:11)
  2 unseen horrors (D:11)
  A kobold demonologist (D:11)
  A hornet (D:8)
  A slime creature (D:13)
  Sigmund (D:3)
  3 wraiths
  A wyvern (D:11)
  4 yaks (D:10)
  Eustachio (D:6)
  A basilisk (D:12)
  3 water moccasins
  Duvessa (D:7)
  18 orc warriors
  2 ice beasts (D:7)
  3 sky beasts
  A hornet zombie (D:7)
  A black bear (D:3)
  4 ogres
  18 centaurs
  A phantom (D:4)
  Blork the orc (D:5)
  A bullfrog (D:7)
  A kobold brigand (D:9)
  A gnoll sergeant (D:9)
  4 scorpions
  Dowan (D:7)
  9 killer bees
  11 wights
  3 vampire bats (D:4)
  A centaur zombie (D:10)
  A hound (D:5)
  2 jellies
  2 bullfrog skeletons
  4 orc priests
  3 centaur skeletons
  A gnoll shaman (D:5)
  Jessica (D:3)
  4 iguanas
  Terence (D:3)
  12 orc wizards
  2 killer bee zombies
  6 adders
  8 gnolls
  A howler monkey skeleton (D:7)
  3 white imps
  2 ufetubi
  An adder zombie (Ossuary)
  A worm (D:2)
  3 dart slugs
  61 orcs
  10 bats
  12 endoplasms
  6 giant cockroaches
  14 goblins
  2 hobgoblins
  5 jackals
  11 kobolds
  6 quokkas
  5 ball pythons
  A ball python skeleton (Ossuary)
  4 frilled lizards (D:2)
  A goblin zombie (D:8)
  2 hobgoblin skeletons (Ossuary)
  2 hobgoblin zombies (Ossuary)
  A kobold zombie (Ossuary)
  An orc skeleton (Ossuary)
  2 orc zombies (Ossuary)
  A quokka zombie (D:8)
  11 rats
331 creatures vanquished.

Vanquished Creatures (others)
  23 foxfires
  2 plants (D:4)
25 creatures vanquished.

Grand Total: 356 creatures vanquished

Notes
Turn   | Place    | Note
-------+----------+-------------------------------------------
     0 | D:1      | nickcage the Deep Elf Fire Elementalist began the quest for
                  | the Orb.
     0 | D:1      | Reached XP level 1. HP: 10/10 MP: 6/6
   124 | D:1      | Reached XP level 2. HP: 15/15 MP: 5/8
   127 | D:1      | Reached skill level 4 in Fire Magic
   130 | D:1      | Learned a level 2 spell: Scorch
   327 | D:1      | Found a faded altar of an unknown god.
   756 | D:2      | Reached XP level 3. HP: 19/19 MP: 6/9
  1234 | D:2      | Reached skill level 5 in Fire Magic
  2049 | D:3      | Reached XP level 4. HP: 24/24 MP: 10/10
  2168 | D:3      | Found a transporter.
  2170 | D:3      | Noticed 0gre's ghost (amateur GnIE)
  2219 | D:3      | Found a transporter.
  2231 | D:3      | Noticed Sigmund
  2236 | D:3      | Killed Sigmund
  2237 | D:3      | Reached skill level 7 in Fire Magic
  2237 | D:3      | Reached XP level 5. HP: 28/28 MP: 2/11
  2325 | D:3      | You fall into a shaft and drop 3 floors!
  2345 | D:6      | Reached XP level 6. HP: 30/32 MP: 3/12
  2505 | D:6      | Identified the +2 pair of gloves of Sif Muna's Castigation
                  | {rN+}
  2529 | D:5      | Entered Level 5 of the Dungeon
  2551 | D:5      | Noticed a sky beast
  2557 | D:5      | Killed a sky beast
  2654 | D:5      | Reached skill level 8 in Fire Magic
  3149 | D:3      | Noticed Jessica
  3152 | D:3      | Killed Jessica
  3153 | D:3      | Reached XP level 7. HP: 36/36 MP: 6/14
  3156 | D:3      | Noticed Terence
  3169 | D:3      | Killed Terence
  3972 | D:4      | Reached skill level 9 in Fire Magic
  3977 | D:4      | Learned a level 4 spell: Flame Wave
  3979 | D:4      | Learned a level 1 spell: Slow
  4135 | D:4      | Reached skill level 5 in Spellcasting
  4267 | D:4      | Reached skill level 1 in Hexes
  4372 | D:4      | Found a staircase to the Ecumenical Temple.
  4377 | Temple   | Entered the Ecumenical Temple
  4551 | Temple   | Became a worshipper of Vehumet
  4877 | D:4      | Reached XP level 8. HP: 39/41 MP: 13/18
  5062 | D:4      | Found a bloodstained altar of Trog.
  5063 | D:4      | Found an opulent altar of Gozag.
  5466 | D:5      | Found a transporter.
  5471 | D:5      | Noticed zeratav's ghost (novice MiBe)
  5484 | D:5      | Found a transporter.
  5649 | D:5      | Reached * piety under Vehumet
  5649 | D:5      | Offered knowledge of Shock by Vehumet.
  5656 | D:5      | Noticed Blork the orc
  5662 | D:5      | Killed Blork the orc
  5952 | D:5      | Reached skill level 10 in Fire Magic
  6297 | D:6      | Noticed Eustachio
  6317 | D:6      | Killed Eustachio
  6540 | D:6      | Learned a level 3 spell: Mephitic Cloud
  6572 | D:6      | Reached XP level 9. HP: 45/45 MP: 23/23
  6918 | D:7      | Reached skill level 1 in Poison Magic
  6942 | D:7      | Reached skill level 1 in Air Magic
  6967 | D:7      | Offered knowledge of Poisonous Vapours by Vehumet.
  7173 | D:7      | Reached skill level 11 in Fire Magic
  7286 | D:7      | Reached ** piety under Vehumet
  7327 | D:7      | Found Copla's Antique Armour Boutique.
  7332 | D:7      | Bought a steaming helmet for 237 gold pieces
  7332 | D:7      | Identified the +0 helmet "Ezuiddid" {Str+2 Stlth+} (You
                  | bought it in a shop on level 7 of the Dungeon)
  7421 | D:7      | Noticed Duvessa
  7421 | D:7      | Noticed Dowan
  7428 | D:7      | Killed Duvessa
  7430 | D:7      | Killed Dowan
  7564 | D:7      | Reached skill level 10 in Spellcasting
  7567 | D:7      | Learned a level 2 spell: Poisonous Vapours
  8103 | D:8      | Reached skill level 12 in Fire Magic
  8179 | D:8      | Reached XP level 10. HP: 50/50 MP: 26/26
  8417 | D:8      | Found a sand-covered staircase.
  8425 | Ossuary  | Entered an ossuary
  8472 | Ossuary  | Offered knowledge of Ignite Poison by Vehumet.
  8481 | Ossuary  | Learned a level 3 spell: Ignite Poison
  8506 | Ossuary  | Reached *** piety under Vehumet
  8622 | Ossuary  | Reached skill level 1 in Long Blades
  9306 | D:9      | Reached skill level 13 in Fire Magic
  9428 | D:9      | Offered knowledge of Dazzling Flash by Vehumet.
  9556 | D:9      | Identified the +3 morningstar of Gozag's Pride {venom,
                  | Fragile Str+3 Dex+8}
  9622 | D:9      | Found a staircase to the Orcish Mines.
  9632 | D:9      | Found Fitomyudd's Weapon Shop.
  9898 | D:9      | Identified a scroll of acquirement
  9898 | D:9      | Acquired a staff of fire
  9993 | D:10     | Entered Level 10 of the Dungeon
 10027 | D:10     | Noticed a death yak
 10030 | D:10     | Noticed a death yak
 10048 | D:9      | Killed a death yak
 10337 | D:10     | Found a runed translucent door.
 10341 | D:10     | Found a runed translucent door.
 10341 | D:10     | Noticed a hell knight
 10341 | D:10     | Noticed a wolf spider
 10341 | D:10     | Noticed a skeletal warrior
 10342 | D:10     | Noticed a skeletal warrior
 10342 | D:10     | Noticed a skeletal warrior
 10343 | D:10     | Noticed a lich
 10343 | D:10     | Noticed a manticore
 10343 | D:10     | Noticed a necromancer
 10359 | D:10     | Found a staircase to the Lair.
 10435 | D:10     | Found a flagged portal.
 10540 | Bailey   | Entered a bailey
 10551 | Bailey   | Reached **** piety under Vehumet
 10583 | Bailey   | Offered knowledge of Fireball by Vehumet.
 10590 | Bailey   | Learned a level 5 spell: Fireball
 11103 | Bailey   | Reached skill level 5 in Shields
 11336 | Bailey   | Reached XP level 11. HP: 38/54 MP: 23/28
 11945 | D:10     | Noticed nickcage's ghost (novice GrIE)
 12006 | D:10     | Noticed Joseph
 12012 | D:10     | Killed Joseph
 12432 | D:10     | Noticed a death yak
 12437 | D:10     | Killed a death yak
 12438 | D:10     | Killed a death yak
 12993 | D:11     | Noticed a boulder beetle
 12999 | D:11     | Killed a boulder beetle
 13270 | D:11     | Noticed a boulder beetle
 13275 | D:11     | Killed a boulder beetle
 13978 | D:12     | Reached skill level 14 in Fire Magic
 14009 | D:12     | Noticed a brown ugly thing
 14012 | D:12     | Killed a brown ugly thing
 14072 | D:12     | Noticed a two-headed ogre
 14075 | D:12     | Killed a two-headed ogre
 14076 | D:12     | Reached skill level 5 in Conjurations
 14147 | D:12     | Noticed a two-headed ogre
 14148 | D:12     | Noticed a two-headed ogre
 14149 | D:12     | Killed a two-headed ogre
 14150 | D:12     | Noticed a two-headed ogre
 14151 | D:12     | Killed a two-headed ogre
 14152 | D:12     | Reached XP level 12. HP: 59/59 MP: 23/29
 14153 | D:12     | Noticed an ogre mage
 14154 | D:12     | Killed a two-headed ogre
 14165 | D:12     | Paralysed by something for 2 turns
 14167 | D:12     | Killed an ogre mage
 14524 | D:12     | Noticed an eight-headed hydra
 14527 | D:12     | Killed an eight-headed hydra
 14528 | D:12     | Reached skill level 15 in Fire Magic
 14835 | D:13     | Mangled by a large slime creature

Illustrated notes

Levels and vault maps discovered:
D:1:      minmay_arrival_shattered_statue, layout_basic,
          hellmonk_ecumenical_altar_leap_of_faith
D:2:      layout_loops_corners, grunt_ministairs_14
D:3:      layout_loops_ring, gammafunk_ghost_mausoleum, minmay_misc_feat_five,
          minmay_increasing_density, uniq_jessica, uniq_terence, uniq_sigmund
D:4:      layout_basic, amethyst_overflow_temple_binary,
          minmay_temple_entry_gardened_gates, roderic_batcave
D:5:      layout_basic, gammafunk_ghost_stat_death, nicolae_underground_beach,
          uniq_blork_the_orc
D:6:      layout_basic, uniq_eustachio
D:7:      layout_gridville, serial_shops, kennysheep_little_box,
          chequers_serial_rivers_micro_e, hangedman_decor_peaks_small,
          uniq_duvessa
D:8:      layout_basic, enter_ossuary_4
D:9:      layout_small_grid, orc_david_3
D:10:     layout_layer_cave, dpeg_lair_monsters, enter_bailey_5,
          muffindrake_ghost_dual_entry, uniq_joseph
D:11:     layout_irregular_city, nzn_sisyphean_effort
D:12:     layout_gridville, hive_lemuel
D:13:     layout_roguey
Temple:   mainiacjoe_temple_big_plus

Skill      XL: |  1  2  3  4  5  6  7  8  9 10 11 12 |
---------------+-------------------------------------+-----
Fire Magic     | 4 5 7 8 9 10 12 13 14 15 | 15.1
Spellcasting   | 5 8 10 11 | 11.4
Conjurations   | 2 4 5 6 |  6.6
Hexes          | 1 3 4 |  4.2
Poison Magic   | 2 |  2.2
Air Magic      | 1 |  1.0
Long Blades    | 1 |  1.0
Shields        | 5 8 |  8.1
Dodging        | |  2.4
Stealth        | |  2.4

Action                   |  1- 3 |  4- 6 |  7- 9 | 10-12 || total
-------------------------+-------+-------+-------+-------++-------
Melee: Unarmed           |     2 |       |       |       ||     2
       Dagger            |     5 |     3 |       |       ||     8
       Short sword       |       |     4 |    23 |       ||    27
       Glaive            |       |       |     2 |       ||     2
       Great sword       |       |       |       |    17 ||    17
       Staff             |       |       |       |     5 ||     5
 Cast: Foxfire           |    10 |       |     2 |       ||    12
       Scorch            |    40 |    40 |   176 |   161 ||   417
       Flame Wave        |       |       |     4 |    10 ||    14
       Slow              |       |       |     1 |     1 ||     2
       Mephitic Cloud    |       |       |     1 |       ||     1
       Poisonous Vapours |       |       |       |    21 ||    21
       Fireball          |       |       |       |    56 ||    56
       Ignite Poison     |       |       |       |     8 ||     8
  Use: Scroll            |       |       |    17 |     5 ||    22
 Stab: Sleeping          |     4 |     2 |     1 |     7 ||    14
Armor: Robe              |     1 |     5 |    30 |    27 ||    63
Dodge: Dodged            |     5 |    15 |    66 |    79 ||   165
Block: Buckler           |       |       |       |     9 ||     9
